 Dungeon Crawl Stone Soup version 0.29.1-15-g9cfb28693d (webtiles) character file.

Game seed: 13591892780728224848

4 protoss039 the Digger (level 1, -2/14 HPs)
             Began as a Demonspawn Earth Elementalist on Mar 12, 2023.
             Frozen to death by an endoplasm (5 damage)
             ... on level 1 of the Dungeon.
             The game lasted 00:00:32 (97 turns).

protoss039 the Digger (Demonspawn Earth Elementalist) Turns: 97, Time: 00:00:33

Health: -2/14      AC:  2    Str:  8    XL:     1   Next: 58%
Magic:  2/3        EV: 12    Int: 16    God:
Gold:   14         SH:  0    Dex: 13    Spells: 3/4 levels left

rFire   . . .      SeeInvis .   (no weapon)
rCold   . . .      Faith    .   (no shield)
rNeg    . . .      Spirit   .   a - +0 robe
rPois   .          Reflect  .   (no helmet)
rElec   .          Harm     .   (no cloak)
rCorr   .          Rampage  .   (no gloves)
Will    .....                   (no boots)
Stlth   ++........              (no amulet)
HPRegen 0.04/turn               (no ring)
MPRegen 0.08/turn               (no ring)

@: no status effects
A: no striking features
a: no special abilities


You were on level 1 of the Dungeon.
You visited 1 branch of the dungeon, and saw 1 of its levels.

You collected 14 gold pieces.

Inventory:

Armour
 a - a +0 robe (worn)
Potions
 c - a potion of brilliance {unknown}


   Skills:
 + Level 0.4 Fighting
 - Level 1.7 Dodging
 - Level 1.7 Stealth
 + Level 2.1 Spellcasting
 - Level 0.8 Transmutations
 + Level 2.8 Earth Magic


You had 3 spell levels left.
You knew the following spells:

 Your Spells              Type           Power      Damage    Failure   Level
a - Sandblast             Erth           20%        2d7       6%          1

Your spell library contained the following spells:

 Spells                   Type           Power      Damage    Failure   Level
 Passwall                 Tmut/Erth      5%         N/A       14%         2
 Stone Arrow              Conj/Erth      12%        3d7       34%         3
 Petrify                  Tmut/Erth      7%         N/A       67%         4


Dungeon Overview and Level Annotations

Branches:
Dungeon (1/15) Zot: 5899

Altars:


Message History

The endoplasm is heavily wounded.
The endoplasm hits you.
* * * LOW HITPOINT WARNING * * *
Throw: 2 darts (poison)
Press: ? - help, Q - select action, (/) - cycle Shift-Dir - straight line, f/p - hobgoblin
Aim: a hobgoblin (56% to hit)
You throw a poisoned dart. The poisoned dart hits the endoplasm.
The endoplasm is heavily wounded.
The endoplasm closely misses you.
Unknown command.
Unknown command.
Attack: -) Nothing wielded
Press: ? - help, Dir - move target, f - endoplasm, p - hobgoblin
Aim: an endoplasm (heavily wounded, about 15% to evade your hands)
You hit the endoplasm but do no damage.
The endoplasm is heavily wounded.
The endoplasm misses you.
Unknown command.
Unknown command.
Throw: dart (poison)
Press: ? - help, Q - select action, (/) - cycle Shift-Dir - straight line, f/p - endoplasm
Aim: an endoplasm (heavily wounded, 85% to hit)
You throw a poisoned dart.
The poisoned dart barely misses the endoplasm.
The poisoned dart hits the hobgoblin.
The hobgoblin is poisoned.
The endoplasm hits you but does no damage.
Unknown command.
You aren't carrying any scrolls.
Magic courses through your body.
The endoplasm hits you but does no damage.
Casting: Sandblast (safe; 6% risk of failure)
Confirm with . or Enter, or press ? or * to list all spells.
Aiming: Sandblast (safe; 6% risk of failure)
Press: ? - help, Shift-Dir - straight line, f/p - endoplasm
Aim: an endoplasm (heavily wounded, 98% to hit)
The blast of sand hits the endoplasm.
The endoplasm is almost dead.
The endoplasm freezes you.
You are frozen.
You die...

### #.......# ..#
#.......# ..#
#####.......#
>.#######...#.......###
....................$..
..#####.†.........!.#
..# #..†......g...# ..#
#.......##J#.## .##
##......###@# .#
#........##.....# .#
#........##..##.# .#
#............# .##
#..............
..###...#...........
...##.##############
...##.# ......+


You could see an endoplasm and a hobgoblin (poisoned).

Vanquished Creatures
  3 hobgoblins (D:1)
  A rat (D:1)
4 creatures vanquished.

Notes
Turn   | Place    | Note
-------+----------+-------------------------------------------
     0 | D:1      | protoss039 the Demonspawn Earth Elementalist began the
                  | quest for the Orb.
     0 | D:1      | Reached XP level 1. HP: 13/13 MP: 3/3
    97 | D:1      | Frozen to death by an endoplasm

Illustrated notes

Levels and vault maps discovered:
D:1:      co_arrival_random_square_maze, layout_rooms, minmay_3d_cube

Action                   || total
-------------------------++-------
Melee: Unarmed           ||     1
Throw: Dart              ||     4
 Cast: Sandblast         ||     6
  Use: Potion            ||     1
Armor: Robe              ||     2
Dodge: Dodged            ||     5
